 Dungeon Crawl Stone Soup version 0.30.0 (webtiles) character file.

Game seed: 6899913058586547122

1177 cheesebisquit the Cleaver (level 8, -8/71 HPs)
             Began as a Hill Orc Monk on May 6, 2023.
             Was a Priest of Makhleb.
             Mangled by a two-headed ogre
             ... wielding a +0 giant club
              (19 damage)
             ... on level 5 of the Dungeon.
             The game lasted 00:13:16 (4930 turns).

cheesebisquit the Cleaver (Hill Orc Monk)           Turns: 4930, Time: 00:13:17

Health: -8/71      AC: 11    Str: 16    XL:     8   Next: 41%
Magic:  8/8        EV:  8    Int: 10    God:    Makhleb [***...]
Gold:   222        SH:  0    Dex: 13    Spells: 7/7 levels left

rFire   . . .        a - +2 hand axe
rCold   . . .        d - orb {light}
rNeg    . . .        i - +0 chain mail
rPois   .            (no helmet)
rElec   .            o - +0 cloak
rCorr   .            (no gloves)
SInv    .            (no boots)
Will    .....        (no amulet) Stlth
                     (no ring)
HPRegen 0.31/turn    (no ring)
MPRegen 0.11/turn

%: no passive effects
@: glowing
A: no striking features
a: Renounce Religion, Minor Destruction, Lesser Servant of Makhleb


You were on level 5 of the Dungeon.
You worshipped Makhleb.
Makhleb was most pleased with you.
You visited 2 branches of the dungeon, and saw 6 of its levels.
You also visited: Ossuary.

You collected 222 gold pieces.

Inventory:

Hand Weapons
 a - a +2 hand axe (weapon)
 e - the +3 shortbow of Cheibriados's Hatred {heavy, rC+ SInv}
   (You found it on level 4 of the Dungeon)

   rC:        It protects you from cold.
   SInv:      It lets you see invisible.
 s - a +0 flail of draining
Missiles
 k - 5 silver boomerangs (quivered)
Armour
 d - an orb of light (worn)
 i - a +0 chain mail (worn)
 o - a +0 cloak (worn)
Jewellery
 r - a ring of fire
Wands
 x - a wand of light (9)
Scrolls
 b - a scroll of vulnerability {unknown}
 g - 4 scrolls of teleportation
 h - 3 scrolls of fear
 l - 3 scrolls of magic mapping
 t - 2 scrolls of poison
 u - a scroll of torment {unknown}
 y - a scroll of immolation {unknown}
Potions
 c - a potion of curing
 f - a potion of mutation
 j - 2 potions of attraction
 m - a potion of berserk rage
 n - 3 potions of brilliance
 v - a potion of might
 z - a potion of magic


   Skills:
 + Level 6.9 Fighting
 * Level 9.9 Axes
 + Level 5.1 Armour
 - Level 2.4 Dodging


You had 7 spell levels left.
You didn't know any spells.
Your spell library was empty.

Dungeon Overview and Level Annotations

Branches:
Dungeon (5/15)             Temple (1/1) D:4         Ossuary (visited)

Altars:
Ashenzari
Cheibriados
Dithmenos
Elyvilon
Fedhas
Gozag
Hepliaklqana
Kikubaaqudgha
Makhleb
Nemelex Xobeh
Okawaru
Qazlal
Ru
Sif Muna
Trog
Uskayaw
Vehumet
Wu Jian
Yredelemnul
The Shining One


Message History

You throw a silver boomerang.
The silver boomerang barely misses the two-headed ogre.
The silver boomerang hits the jelly.
The jelly is moderately wounded.
You throw a silver boomerang. The silver boomerang hits the jelly.
The jelly is severely wounded.
You throw a silver boomerang. The silver boomerang hits the jelly.
The jelly is almost dead.
You throw a silver boomerang.
The silver boomerang barely misses the two-headed ogre.
You throw a silver boomerang. The silver boomerang hits the jelly.
You kill the jelly!
Makhleb accepts your kill.
You hit the two-headed ogre.
The two-headed ogre is lightly wounded.
The two-headed ogre closely misses you. x2
You hit the two-headed ogre.
The two-headed ogre is lightly wounded.
You hit the two-headed ogre.
The two-headed ogre is moderately wounded.
The two-headed ogre hits you with a +0 giant club!
The two-headed ogre hits you with a +0 dire flail!
You slash the two-headed ogre!
The two-headed ogre is heavily wounded.
You hit the two-headed ogre but do no damage.
The two-headed ogre is heavily wounded.
The two-headed ogre hits you with a +0 giant club!!
The two-headed ogre hits you but does no damage.
You slash the two-headed ogre!
The two-headed ogre is severely wounded.
You hit the two-headed ogre.
The two-headed ogre is severely wounded.
The two-headed ogre completely misses you.
The two-headed ogre hits you with a +0 dire flail!
* * * LOW HITPOINT WARNING * * *
You hit the two-headed ogre.
The two-headed ogre is severely wounded.
A demon appears!
The two-headed ogre hits you with a +0 giant club!!
You die...

..............###.#.## #.
.#.#..........###.#.# #.
.#.#....<.........#.. #.
##............##################.
####.#.#......##.................
####.#.#########[..##############
#...[..# #.3.# #......# #...#
.......# #@..# #......## #O###
.......... #.. ........... #...
........(.. ..... ...........
##>... ######..... ..... ....
...... # ##


You could see a two-headed ogre (ally target) and a friendly neqoxec (summoned).

Vanquished Creatures
  2 wraiths (Ossuary)
  Edmund (D:4)
  A sky beast (D:4)
  A phantom (D:4)
  2 scorpions
  3 wights (Ossuary)
  A jelly (D:5)
  A hound (D:5)
  2 iguanas (D:4)
  An orc wizard (D:4)
  4 gnolls (D:4)
  5 adders
  A white imp (D:5)
  2 worms
  A dart slug (D:3)
  7 orcs (D:4)
  14 endoplasms
  4 giant cockroaches
  3 hobgoblins
  4 jackals (D:2)
  6 kobolds
  4 quokkas
  6 ball pythons
  A ball python skeleton (Ossuary)
  5 bats
  4 frilled lizards
  4 goblins
  3 hobgoblin zombies (Ossuary)
  2 kobold zombies (Ossuary)
  An orc skeleton (Ossuary)
  3 rats
99 creatures vanquished.

Notes
Turn   | Place    | Note
-------+----------+-------------------------------------------
     0 | D:1      | cheesebisquit the Hill Orc Monk began the quest for the
                  | Orb.
     0 | D:1      | Reached XP level 1. HP: 19/19 MP: 1/1
    97 | D:1      | Reached XP level 2. HP: 27/27 MP: 2/2
   484 | D:1      | Reached skill level 1 in Armour
   797 | D:1      | Found a faded altar of an unknown god.
  1057 | D:2      | Reached XP level 3. HP: 29/33 MP: 3/3
  1129 | D:2      | Reached skill level 5 in Axes
  1298 | D:2      | Found a burning altar of Makhleb.
  1387 | D:2      | Became a worshipper of Makhleb the Destroyer
  1387 | D:2      | Reached * piety under Makhleb
  1387 | D:2      | Reached ** piety under Makhleb
  1845 | D:3      | Reached XP level 4. HP: 32/40 MP: 4/4
  2501 | D:4      | Noticed a scorpion
  2511 | D:4      | Reached XP level 5. HP: 43/47 MP: 5/5
  2528 | D:4      | Reached skill level 6 in Axes
  2727 | D:4      | Noticed a phantom
  2740 | D:4      | Killed a phantom
  2741 | D:4      | Reached skill level 5 in Fighting
  2741 | D:4      | Reached XP level 6. HP: 47/56 MP: 6/6
  2786 | D:4      | Found a staircase to the Ecumenical Temple.
  2786 | D:4      | Identified the +3 shortbow of Cheibriados's Hatred {heavy,
                  | rC+ SInv}
  2801 | D:4      | Reached skill level 7 in Axes
  2809 | Temple   | Entered the Ecumenical Temple
  3336 | D:4      | Noticed a sky beast
  3338 | D:4      | Noticed Edmund
  3364 | D:4      | Killed Edmund
  3365 | D:4      | Reached XP level 7. HP: 20/54 MP: 7/7
  3397 | D:4      | Reached *** piety under Makhleb
  3398 | D:4      | Reached skill level 8 in Axes
  3846 | D:5      | Entered Level 5 of the Dungeon
  3939 | D:5      | Found a sand-covered staircase.
  3968 | Ossuary  | Entered an ossuary
  4177 | Ossuary  | Noticed a wraith
  4177 | Ossuary  | Noticed a flying skull
  4184 | Ossuary  | Noticed a flying skull
  4188 | Ossuary  | Noticed a flying skull
  4190 | Ossuary  | Noticed a flying skull
  4211 | Ossuary  | Noticed a flying skull
  4219 | Ossuary  | Noticed a wraith
  4244 | Ossuary  | Killed a wraith
  4245 | Ossuary  | Reached skill level 9 in Axes
  4245 | Ossuary  | Reached XP level 8. HP: 21/71 MP: 8/8
  4604 | Ossuary  | Noticed a wraith
  4632 | Ossuary  | Killed a wraith
  4633 | Ossuary  | Reached skill level 5 in Armour
  4916 | D:5      | Noticed a two-headed ogre
  4930 | D:5      | Mangled by a two-headed ogre

Illustrated notes

Levels and vault maps discovered:
D:1:      minmay_arrival_five_plusses, layout_basic,
          shapermc_ecumenical_altar_mp_vishouse, serial_bayou_pond_e
D:2:      wad_pebble_path, layout_basic, basic_altar
D:3:      layout_basic, kennysheep_pointless_box
D:4:      minmay_skewed_foursquare, layout_cave_pools,
          minmay_temple_entry_slanted, kennysheep_diamond,
          chequers_decorated_corner, grunt_ministairs_3, uniq_edmund
D:5:      layout_basic, chequers_ossuary_entry_cave, grunt_ministairs_15
Temple:   nicolae_temple_bog_church

Skill      XL: |  1  2  3  4  5  6  7  8 |
---------------+-------------------------+-----
Armour         | 1 2 3 4 5 |  5.1
Fighting       | 4 5 6 |  6.9
Axes           | 5 6 7 9 |  9.9
Dodging        | |  2.4

Action                     |  1- 3 |  4- 6 |  7- 9 || total
---------------------------+-------+-------+-------++-------
  Melee: Hand axe          |   115 |   148 |   160 ||   423
  Throw: Boomerang         |     1 |     6 |     5 ||    12
 Invoke: Lesser Servant of |       |       |     1 ||     1
    Use: Scroll            |       |     4 |     6 ||    10
         Potion            |       |     2 |     7 ||     9
 Armour: Robe              |    14 |       |       ||    14
         Ring mail         |    18 |    13 |       ||    31
         Chain mail        |       |    33 |    62 ||    95
  Dodge: Dodged            |    83 |    80 |    52 ||   215
